 Dungeon Crawl Stone Soup version 0.31-a0-187-gba352fbbf7 (webtiles) character file.

Game seed: 8380234221673908792

262 qw the Skirmisher (level 5, -8/30 HPs)
             Began as a Deep Elf Hunter on June 22, 2023.
             Mangled by a black bear (10 damage)
             ... on level 4 of the Dungeon.
             The game lasted 00:01:05 (2775 turns).

qw the Skirmisher (Deep Elf Hunter)                 Turns: 2775, Time: 00:01:06

Health: -8/30      AC:  7    Str: 10    XL:     5   Next: 97%
Magic:  7/7        EV: 11    Int: 14    God:
Gold:   298        SH:  0    Dex: 18    Spells: 4/4 levels left

rFire   . . .        Y - +1 shortbow
rCold   . . .        (shield currently unavailable)
rNeg    . . .        f - +0 ring mail
rPois   .            h - +1 helmet
rElec   .            (no cloak)
rCorr   .            (no gloves)
SInv    .            (no boots)
Will    .....        (no amulet)
Stlth   +            (no ring)
HPRegen 0.25/turn    (no ring)
MPRegen 0.10/turn

%: no passive effects
@: no status effects
A: no striking features
a: no special abilities


You were on level 4 of the Dungeon.
You visited 1 branch of the dungeon, and saw 4 of its levels.

You collected 298 gold pieces.


   Skills:
 - Level 2.0 Fighting
 + Level 9.3 Ranged Weapons
 - Level 2.4 Dodging
 - Level 1.2 Stealth


You had 4 spell levels left.
You didn't know any spells.
Your spell library was empty.

Inventory:

Hand Weapons
 Y - a +1 shortbow (weapon)
Armour
 a - a +0 pair of gloves
 f - a +0 ring mail (worn)
 h - a +1 helmet (worn)
Scrolls
 g - 2 scrolls of identify
Potions
 b - a potion of heal wounds {unknown}
 c - 2 potions of enlightenment {unknown}
 d - a potion of resistance {unknown}
 e - 2 potions of might {unknown}
 i - a potion of invisibility {unknown}
 j - a potion of curing {unknown}
 k - a potion of brilliance {unknown}

Dungeon Overview and Level Annotations

Branches:
Dungeon (4/15)
 Temple: D:4-7

Altars:

Shops:
D:1 [


Message History

The arrow hits the hound but does no damage.
The hound bites you but does no damage. The hound barely misses you.
You shoot an arrow. The arrow hits the hound.
The hound is moderately wounded.
The hound misses you.
You shoot an arrow. The arrow misses the hound.
The hound closely misses you. The hound bites you but does no damage.
You shoot an arrow. The arrow misses the hound.
The hound bites you.
You shoot an arrow. The arrow hits the hound.
The hound is moderately wounded.
The hound bites you. The hound barely misses you.
You shoot an arrow. The arrow hits the hound.
The hound is severely wounded.
The hound bites you but does no damage. The hound bites you.
You shoot an arrow. The arrow closely misses the hound.
The hound bites you.
You shoot an arrow. The arrow hits the hound.
You kill the hound!
You shoot an arrow. The arrow hits the black bear.
The black bear is heavily wounded.
The black bear bites you. The black bear barely misses you.
The black bear misses you.
You shoot an arrow. The arrow hits the black bear!
The black bear is severely wounded.
The black bear goes berserk!
You shoot an arrow. The arrow hits the black bear.
The black bear is almost dead.
The black bear bites you. The black bear claws you.
The black bear closely misses you. The black bear bites you.
The black bear claws you.
The black bear claws you but does no damage.
You shoot an arrow.
The arrow hits the black bear but does no damage.
The black bear is almost dead.
The black bear bites you. The black bear misses you.
The black bear claws you but does no damage.
You shoot an arrow. The arrow barely misses the black bear.
The black bear bites you!
You die...

## #.###..##.....#
.#######
#......##.###.#
.#.....# .
#####..##.##.#<#.#
)#.....# ..
#.....###.##.#...#
.......# ...
##.#####
#....#####
#%.....# .... #.
###### #......#
.....#. #......#
......h####
#......# #@..#
#......# #...#
#......+ #...#
#......# #...#
#......# #...#
.......# #...#
######## #...#
#...# #..(#


You could see a black bear (berserk).

Vanquished Creatures
  An orc priest (D:3)
  A hound (D:4)
  An iguana (D:4)
  A gnoll (D:1)
  9 adders
  A worm (D:4)
  5 orcs (D:3)
  5 ball pythons
  9 bats
  7 endoplasms
  4 giant cockroaches
  13 goblins
  5 hobgoblins
  6 kobolds
  4 quokkas
  6 frilled lizards
  4 rats
82 creatures vanquished.

Notes
Turn   | Place    | Note
-------+----------+-------------------------------------------
     0 | D:1      | qw the Deep Elf Hunter began the quest for the Orb.
     0 | D:1      | Reached XP level 1. HP: 12/12 MP: 3/3
     0 | D:1      | 0 ||| qw: Version: 0.3-a-9-g12657ce
     0 | D:1      | 0 ||| qw: Game counter: 2446
     0 | D:1      | 0 ||| qw: Always use a shield: true
     0 | D:1      | 0 ||| qw: God list: Okawaru
     0 | D:1      | 0 ||| qw: Allow faded altars: false
     0 | D:1      | 0 ||| qw: Do Orc after D:15 true
     0 | D:1      | 0 ||| qw: Do second Lair branch before Depths: true
     0 | D:1      | 0 ||| qw: Lair rune preference: random
     0 | D:1      | 0 ||| qw: Plans: Normal
     0 | D:1      | 0 ||| PLANNING D:1-11
   235 | D:1      | Reached XP level 2. HP: 16/16 MP: 4/4
   238 | D:1      | Reached skill level 6 in Ranged Weapons
   498 | D:1      | Reached XP level 3. HP: 20/20 MP: 5/5
   556 | D:1      | Found Posm's Armour Shoppe.
   571 | D:1      | 571 ||| SHOPLISTING +0 pair of boots of flying (161 gold,
                  | have 77).
   571 | D:1      | 571 ||| SHOPLISTING +3 leather armour of fire resistance
                  | (336 gold, have 77).
   864 | D:1      | 864 ||| UPGRADING to +0 ring mail.
   874 | D:1      | 874 ||| DROPPING +0 leather armour.
   875 | D:1      | 875 ||| UPGRADING to +0 helmet.
   880 | D:1      | 880 ||| READING scroll labelled FOAHIWATHRA.
   881 | D:1      | 881 ||| READING scroll labelled GEMYSTR SOEXA.
   882 | D:1      | 882 ||| DROPPING scroll of butterflies.
  1010 | D:2      | Reached skill level 7 in Ranged Weapons
  1105 | D:2      | 1105 ||| READING scroll of enchant armour.
  1105 | D:2      | 1105 ||| ENCHANTING +0 helmet.
  1155 | D:2      | Reached XP level 4. HP: 10/25 MP: 6/6
  1159 | D:2      | 1159 ||| FLEEEEING.
  1436 | D:2      | 1436 ||| READING scroll labelled YWENUDAVOE.
  1439 | D:2      | 1439 ||| READING scroll labelled BYDIEB UMUGG.
  1440 | D:2      | 1440 ||| READING scroll labelled BEHUOL AFIFEWK.
  1487 | D:3      | HP: 6/25 [adder (1)]
  1492 | D:3      | HP: 2/25 [poisoned by an adder]
  1636 | D:3      | 1636 ||| Stepping ~*~*~tactically~*~*~ (outnumbered).
  1828 | D:3      | Reached skill level 8 in Ranged Weapons
  1831 | D:3      | Reached XP level 5. HP: 29/29 MP: 7/7
  2298 | D:3      | 2298 ||| READING scroll labelled OLOGRE SOJOHAT.
  2299 | D:3      | 2299 ||| READING 2 scrolls labelled FUNUASS PAOBO.
  2300 | D:3      | 2300 ||| DROPPING scroll of amnesia.
  2564 | D:4      | Reached skill level 9 in Ranged Weapons
  2756 | D:4      | Noticed a black bear
  2773 | D:4      | HP: 7/30 [black bear (5)]
  2774 | D:4      | HP: 2/30 [black bear (2)]
  2775 | D:4      | Mangled by a black bear

Levels and vault maps discovered:
D:1:      saegor_arrival_miasma, layout_loops_corners, serial_shops, shop,
          chequers_serial_rivers_small_3
D:2:      layout_rooms, serial_bayou_lagoon_a, minmay_goblin_outpost
D:3:      layout_basic
D:4:      layout_basic, saegor_snake_ambush

Skill      XL: |  1  2  3  4  5 |
---------------+----------------+-----
Ranged Weapons | 6 7 8 9 |  9.3
Fighting       | 2 |  2.0
Dodging        | |  2.4
Stealth        | |  1.2

Action                     |  1- 3 |  4- 6 || total
---------------------------+-------+-------++-------
   Fire: Shortbow          |    89 |   152 ||   241
    Use: Scroll            |     3 |     5 ||     8
 Armour: Leather armour    |     3 |       ||     3
         Ring mail         |    19 |    40 ||    59
  Dodge: Dodged            |    46 |    51 ||    97

Table legend:
 A = Non-vault XP
 B = Vault XP
 C = Vault XP percentage of total XP
 D = Non-vault monster count
 E = Vault monster count
 F = Vault count percentage of total count
                 A         B        C        D         E       F
            +---------+---------+-------+---------+---------+-------
      Total |     348 |      27 |   7.2 |      73 |       9 |  11.0
            +---------+---------+-------+---------+---------+-------
        D:1 |      55 |       0 |   0.0 |      25 |       0 |   0.0
        D:2 |      39 |      12 |  23.5 |      18 |       6 |  25.0
        D:3 |     125 |       0 |   0.0 |      20 |       0 |   0.0
        D:4 |     129 |      15 |  10.4 |      10 |       3 |  23.1
            +---------+---------+-------+---------+---------+-------
